 Dungeon Crawl Stone Soup version 0.23.1 (webtiles) character file.

Game seed: 13186028395231518717

670 Kairos the Sneak (level 7, -2/36 HPs)
             Began as a Vine Stalker Assassin on Mar 11, 2019.
             Slain by Duvessa
             ... wielding a cursed -1 rapier
              (4 damage)
             ... on level 5 of the Dungeon.
             The game lasted 00:05:24 (4364 turns).

Kairos the Sneak (Vine Stalker Assassin)            Turns: 4364, Time: 00:05:25

Health: -2/36      AC:  4    Str: 13    XL:     7   Next: 58%
Magic:  0/8        EV: 15    Int:  7    God:
Gold:   152        SH:  0    Dex: 18    Spells: 6/6 levels left

rFire    . . .     SeeInvis .   a - +3 dagger
rCold    . . .     Gourm    .   (no shield)
rNeg     . . .     Faith    .   m - +0 leather armour
rPois    .         Spirit   +   (no helmet)
rElec    .         Reflect  .   d - +0 cloak
rCorr    .         Harm     .   (no gloves)
MR       .....                  (no boots)
Stlth    ++++......             (no amulet)
HPRegen  0.52/turn              k - +2 ring of evasion
MPRegen  0.11/turn              n - -4 ring of intelligence (curse)

@: no status effects
A: fangs 2, regeneration 1, magic shield, antimagic bite, no potion heal 3, rot
immunity
a: no special abilities


You were on level 5 of the Dungeon.
You were very hungry.

You visited 1 branch of the dungeon, and saw 5 of its levels.

You collected 152 gold pieces.

Inventory:

Hand Weapons
 a - a +3 dagger (weapon)
 b - a +0 blowgun
Missiles
 e - 8 poisoned needles
 f - 2 curare-tipped needles
Armour
 c - a +0 robe
 d - a +0 cloak (worn)
 m - a +0 leather armour (worn)
Jewellery
 k - a +2 ring of evasion (left hand)
 n - a cursed -4 ring of intelligence (right hand)
Scrolls
 h - 2 scrolls of fog
 i - 2 scrolls of magic mapping
 j - 2 scrolls of teleportation
 q - a scroll of enchant armour {unknown}
Potions
 l - a potion of agility
 o - a potion of might
 p - a potion of brilliance
Comestibles
 g - 7 rations


   Skills:
 + Level 3.0 Fighting
 + Level 3.8 Short Blades
 + Level 1.9 Throwing
 + Level 2.9 Armour
 + Level 2.6 Dodging
 + Level 7.2 Stealth


You had 6 spell levels left.
You didn't know any spells.
Your spell library was empty.

Dungeon Overview and Level Annotations

Branches:
Dungeon (5/15)
 Temple: D:4-7

Altars:
Cheibriados
Sif Muna
Yredelemnul

Annotations:
D:5 Dowan, Duvessa


Innate Abilities, Weirdness & Mutations

You have extremely sharp teeth.
Your natural rate of healing is unusually fast.
When hurt, damage is shared between your health and your magic reserves.
Your bite disrupts and absorbs the magic of your enemies.
Potions cannot restore your health.
You are immune to rotting.


Message History

Duvessa hits you but does no damage. Dowan casts a spell at you.
The puff of frost hits you!
* * * LOW HITPOINT WARNING * * *
You hit Duvessa. You bite Duvessa. You drain her power.
You feel invigorated.
Duvessa is severely wounded.
Dowan barely misses you. Duvessa closely misses you.
You hit Duvessa but do no damage. You bite Duvessa, but do no damage.
Duvessa is severely wounded.
You hit Duvessa but do no damage. You bite Duvessa, but do no damage.
Duvessa is severely wounded.
Dowan says, "Stay away from my face!"
Dowan mumbles some strange words.
Dowan blinks!
Duvessa hits you with a cursed -1 rapier!
* * * LOW HITPOINT WARNING * * *
You completely miss Duvessa. You bite Duvessa, but do no damage.
Duvessa is severely wounded.
Duvessa hits you with a cursed -1 rapier.
You die...

####### #.....#
#.....# #.....#
#.§e..#
....#..@..#
...≈#..e..# ..
..≈≈≈.....###....
.♣≈≈≈≈......>....
♣≈≈≈♣....###...
♣♣P≈≈≈....##
♣≈≈≈≈≈.....##
#♣P≈PP≈...≈..#
##P≈≈≈P....≈≈.#


You could see Duvessa and Dowan.

Vanquished Creatures
  Edmund (D:4)
  A phantom (D:4)
  A bullfrog (D:5)
  2 scorpions
  A howler monkey (D:4)
  Jessica (D:2)
  Terence (D:2)
  2 worker ants
  7 adders
  3 oozes
  3 worms
  2 dart slugs
  2 leopard geckos
  14 orcs
  A ball python (D:4)
  5 bats
  4 giant cockroaches
  5 goblins
  5 hobgoblins
  3 jackals (D:1)
  A quokka (D:3)
  4 frilled lizards
  9 kobolds
  6 rats
84 creatures vanquished.

Notes
Turn   | Place    | Note
-------+----------+-------------------------------------------
     0 | D:1      | Kairos the Vine Stalker Assassin began the quest for the
                  | Orb.
     0 | D:1      | Reached XP level 1. HP: 11/11 MP: 2/2
    63 | D:1      | Reached skill level 1 in Dodging
    68 | D:1      | Reached skill level 5 in Stealth
   113 | D:1      | Reached XP level 2. HP: 4/15 MP: 1/3
   507 | D:1      | Reached XP level 3. HP: 18/18 MP: 4/4
   994 | D:2      | Noticed Jessica
  1010 | D:2      | Killed Jessica
  1010 | D:2      | Reached skill level 6 in Stealth
  1010 | D:2      | Gained mutation: Your natural rate of healing is unusually
                  | fast. [Vine Stalker growth]
  1010 | D:2      | Reached XP level 4. HP: 21/23 MP: 5/5
  1247 | D:2      | Noticed Terence
  1282 | D:2      | Killed Terence
  1600 | D:2      | Found a deep blue altar of Sif Muna.
  1806 | D:3      | Reached XP level 5. HP: 23/26 MP: 4/6
  2677 | D:4      | Found a deep blue altar of Sif Muna.
  2823 | D:4      | Noticed Edmund
  2886 | D:4      | Reached XP level 6. HP: 2/32 MP: 4/7
  2995 | D:4      | HP: 1/32 [Edmund/+1 dire flail of protection (7)]
  2996 | D:4      | Killed Edmund
  2996 | D:4      | Reached skill level 1 in Armour
  2996 | D:4      | Reached skill level 7 in Stealth
  3072 | D:4      | Noticed a phantom
  3160 | D:4      | Killed a phantom
  3192 | D:4      | Reached XP level 7. HP: 35/35 MP: 8/8
  3606 | D:4      | Found a snail-covered altar of Cheibriados.
  3606 | D:4      | Found a basalt altar of Yredelemnul.
  4102 | D:5      | Entered Level 5 of the Dungeon
  4326 | D:5      | Noticed Dowan
  4327 | D:5      | Noticed Duvessa
  4363 | D:5      | HP: 1/36 [Duvessa/cursed -1 rapier (5)]
  4364 | D:5      | Slain by Duvessa

Skill      XL: |  1  2  3  4  5  6  7 |
---------------+----------------------+-----
Dodging        | 1 2 |  2.6
Stealth        | 5 6 7 |  7.2
Short Blades   | 2 3 |  3.8
Fighting       | 2 3 |  3.0
Armour         | 2 |  2.9
Throwing       | |  1.9

Action                   |  1- 3 |  4- 6 |  7- 9 || total
-------------------------+-------+-------+-------++-------
Melee: Dagger            |    70 |   250 |    95 ||   415
       Bite              |    15 |    74 |    48 ||   137
  Use: Scroll            |     5 |     5 |     1 ||    11
       Potion            |     2 |     2 |     3 ||     7
 Stab: Sleeping          |     3 |     8 |     1 ||    12
       Distracted        |       |     1 |       ||     1
  Eat: Chunk             |       |     7 |     3 ||    10
Armor: Robe              |     9 |     6 |       ||    15
       Leather armour    |       |    26 |     8 ||    34
Dodge: Dodged            |    35 |   124 |    51 ||   210
